 Dungeon Crawl Stone Soup version 0.28.0-53-g5a82cb258f (webtiles) character file.

Game seed: 10442367061836522936

3437 Peloso the Carver (level 9, -1/79 HPs)
             Began as a Minotaur Fighter on May 26, 2022.
             Was an Initiate of Okawaru.
             Slain by a centaur warrior (12 damage)
             ... on level 8 of the Dungeon.
             The game lasted 00:22:33 (8737 turns).

Peloso the Carver (Minotaur Fighter)                Turns: 8737, Time: 00:22:33

Health: -1/79      AC: 14    Str: 22    XL:     9   Next: 77%
Magic:  8/8        EV:  7    Int:  5    God:    Okawaru [......]
Gold:   192        SH: 11    Dex: 13    Spells: 8/8 levels left

rFire   . . .      SeeInvis .   a - +0 long sword
rCold   . . .      Faith    .   c - +0 buckler
rNeg    . . .      Spirit   .   s - +0 plate armour
rPois   .          Reflect  +   (helmet restricted)
rElec   .          Harm     .   (no cloak)
rCorr   .          Rampage  .   (no gloves)
Will    +....                   (no boots)
Stlth   ..........              p - amulet of reflection
HPRegen 0.23/turn               B - ring of willpower
MPRegen 0.11/turn               (no ring)

@: no status effects
A: horns 2, retaliatory headbutt
a: Renounce Religion


You were on level 8 of the Dungeon.
You worshipped Okawaru.
Okawaru was noncommittal.
You visited 2 branches of the dungeon, and saw 9 of its levels.
You also visited: Sewer.

You collected 346 gold pieces.
You spent 154 gold pieces at shops.

Inventory:

Hand Weapons
 a - a +0 long sword (weapon)
 b - a +1 spear of flaming
Missiles
 y - 2 throwing nets (quivered)
Armour
 c - a +0 buckler (worn)
 s - a +0 plate armour (worn)
Jewellery
 m - an amulet of the acrobat
 o - a ring of magical power
 p - an amulet of reflection (around neck)
 B - a ring of willpower (left hand)
 F - an amulet of magic regeneration
Wands
 A - a wand of paralysis (9)
 E - a wand of flame (10)
Scrolls
 f - a scroll of immolation
 g - 3 scrolls of acquirement
 i - 5 scrolls of teleportation
 k - 2 scrolls of blinking
 n - 4 scrolls of magic mapping
 v - 2 scrolls of identify
 w - 2 scrolls of fog {unknown}
 C - a scroll of summoning {unknown}
 G - a scroll of fear {unknown}
 I - a scroll of enchant armour {unknown}
Potions
 d - 4 potions of might
 e - 2 potions of mutation
 h - 4 potions of curing
 j - a potion of flight
 l - 2 potions of heal wounds {unknown}
 q - a potion of brilliance {unknown}
 r - 2 potions of cancellation {unknown}
 t - a potion of invisibility {unknown}
 u - a potion of resistance {unknown}
 x - 2 potions of ambrosia {unknown}
 z - a potion of lignification {unknown}
 H - a potion of degeneration {unknown}


   Skills:
 + Level 7.1 Fighting
 + Level 10.6 Long Blades
 + Level 8.9 Armour
 + Level 2.0 Dodging
 + Level 1.4 Stealth
 + Level 8.1 Shields
 + Level 0.6 Evocations


You had 8 spell levels left.
You didn't know any spells.
Your spell library contained the following spells:

 Spells                   Type           Power      Damage    Failure   Level
 Apportation              Tloc           0%         N/A       100%        1
 Alistair's Intoxication  Tmut/Pois      0%         N/A       100%        5


Dungeon Overview and Level Annotations

Branches:
Dungeon (8/15)             Temple (1/1) D:7           Sewer (visited)
   Lair: D:8-11

Altars:
Ashenzari
Cheibriados
Dithmenos
Hepliaklqana
Kikubaaqudgha
Makhleb
Nemelex Xobeh
Okawaru
Qazlal
Ru
Sif Muna
Uskayaw
Vehumet
Wu Jian
Xom
Yredelemnul
Zin
The Shining One

Shops:
D:3 (   D:6 *   D:7 !?(*

Annotations:
D:5 Dowan, Duvessa
D:8 Psyche


Innate Abilities, Weirdness & Mutations

You have a pair of horns on your head.
You reflexively headbutt those who attack you in melee.


Message History

You barely miss the centaur warrior. You headbutt the centaur warrior!
The centaur warrior is severely wounded.
The centaur warrior hits you. You block the centaur warrior's attack.
Unknown command.
You slash the centaur warrior!
You headbutt the centaur warrior, but do no damage.
The centaur warrior is severely wounded.
You block the centaur warrior's attack.
The centaur warrior kicks you but does no damage.
Psyche casts a spell.
Psyche flickers and vanishes!
Deactivating autopickup; reactivate with Ctrl-A.
The centaur warrior hits you!
* * * LOW HITPOINT WARNING * * *
The centaur warrior barely misses you.
You hit the centaur warrior.
The centaur warrior is almost dead.
The centaur warrior hits you.
* * * LOW HITPOINT WARNING * * *
You block the centaur warrior's attack.
Unknown command.
You hit the centaur warrior.
You headbutt the centaur warrior, but do no damage.
The centaur warrior is almost dead.
The centaur warrior hits you.
* * * LOW HITPOINT WARNING * * *
You block the centaur warrior's attack.
You hear some strange, mumbled words.
The centaur warrior hits you.
* * * LOW HITPOINT WARNING * * *
The centaur warrior kicks you but does no damage.
You completely miss the centaur warrior.
The centaur warrior is almost dead.
A nearby plant withers and dies. x2; The centaur warrior barely misses you. x2
An electric eel comes into view.
Unknown command.
You hit the centaur warrior. You headbutt the centaur warrior.
The centaur warrior is almost dead.
The centaur warrior hits you!
You die...

###############
......c@....|.#####
###...{..####.....#
.....≈≈P.......##.#
≈..≈≈.≈......≈..#.##
S≈≈≈≈≈≈≈≈≈≈≈≈......#
≈≈≈≈≈≈≈≈≈≈≈≈≈.≈≈...##
≈≈≈.≈≈≈≈≈≈≈≈≈≈≈≈≈≈..#
.≈≈.≈≈≈Z≈≈≈≈≈≈≈≈≈...##
≈.≈≈≈P≈≈≈≈≈≈≈..##


You could see a centaur warrior, an electric eel and a howler monkey zombie.

Vanquished Creatures
  Pikel (D:6)
  Grinder (D:6)
  Sigmund (D:5)
  A steam dragon (D:7)
  Menkaure (D:4)
  A hornet zombie (D:6)
  2 ice beasts (D:7)
  A black bear (D:4)
  A necrophage (D:6)
  3 lemures (D:6)
  2 phantoms
  2 kobold brigands
  A bullfrog (D:7)
  6 scorpions
  5 wights (D:8)
  3 electric eels (D:8)
  2 bullfrog zombies
  A centaur zombie (D:8)
  A hound (D:4)
  A jelly (D:6)
  An orc priest (D:3)
  2 centaur skeletons
  A gnoll shaman (D:5)
  Terence (D:3)
  5 iguanas
  An orc wizard (D:4)
  A hound zombie (D:5)
  A hound skeleton (D:5)
  2 howler monkey zombies
  9 gnolls
  9 river rats (Sewer)
  8 adders
  An adder skeleton (D:4)
  5 worms
  2 dart slugs (D:2)
  6 orcs
  13 ball pythons
  10 endoplasms
  5 giant cockroaches
  7 goblins
  9 hobgoblins
  2 jackals (D:3)
  3 quokkas
  4 bats
  4 frilled lizards
  28 kobolds
  A quokka skeleton (D:4)
  23 rats
201 creatures vanquished.

Vanquished Creatures (others)
  10 plants (D:8)
10 creatures vanquished.

Grand Total: 211 creatures vanquished

Notes
Turn   | Place    | Note
-------+----------+-------------------------------------------
     0 | D:1      | Peloso the Minotaur Fighter began the quest for the Orb.
     0 | D:1      | Reached XP level 1. HP: 19/19 MP: 0/0
   217 | D:1      | Reached XP level 2. HP: 23/27 MP: 1/1
  1192 | D:2      | Reached XP level 3. HP: 33/33 MP: 2/2
  1513 | D:2      | Reached XP level 4. HP: 40/40 MP: 3/3
  1514 | D:2      | Reached skill level 3 in Long Blades
  1793 | D:2      | Identified 3 scrolls of acquirement
  2134 | D:3      | Found a glowing drain.
  2138 | Sewer    | Entered a sewer
  2185 | Sewer    | Reached skill level 1 in Dodging
  2557 | Sewer    | Reached XP level 5. HP: 45/47 MP: 4/4
  2596 | Sewer    | Reached skill level 4 in Long Blades
  3112 | Sewer    | Reached skill level 5 in Armour
  3112 | Sewer    | Reached XP level 6. HP: 42/53 MP: 5/5
  3745 | D:3      | Found a faded altar of an unknown god.
  3825 | D:3      | Noticed Terence
  3832 | D:3      | Killed Terence
  3833 | D:3      | Reached skill level 5 in Long Blades
  4044 | D:3      | Found Maiqea's Antique Weapon Shop.
  4466 | D:4      | Reached skill level 5 in Fighting
  4489 | D:4      | Reached skill level 5 in Shields
  4489 | D:4      | Reached XP level 7. HP: 46/61 MP: 6/6
  4638 | D:4      | Noticed Menkaure
  4643 | D:4      | Killed Menkaure
  4644 | D:4      | Reached skill level 6 in Long Blades
  4667 | D:4      | You fall into a shaft and drop 1 floor!
  4667 | D:5      | Entered Level 5 of the Dungeon
  5177 | D:5      | Reached skill level 7 in Long Blades
  5398 | D:5      | Reached XP level 8. HP: 69/69 MP: 7/7
  5418 | D:5      | Noticed Sigmund
  5520 | D:5      | Killed Sigmund
  5521 | D:5      | Reached skill level 1 in Stealth
  5755 | D:5      | Noticed Duvessa
  5755 | D:5      | Noticed Dowan
  5803 | D:6      | Noticed Grinder
  5814 | D:6      | Reached skill level 8 in Long Blades
  5825 | D:6      | Killed Grinder
  6433 | D:6      | Reached skill level 9 in Long Blades
  6537 | D:6      | Reached XP level 9. HP: 77/77 MP: 8/8
  6549 | D:6      | Found Qiesyc's Serpentskin Sales.
  6624 | D:7      | Noticed Pikel
  6857 | D:6      | Killed Pikel
  7009 | D:7      | Reached skill level 10 in Long Blades
  7223 | D:7      | Found Vinaygux's Antique Weapon Shoppe.
  7290 | D:7      | Found a staircase to the Ecumenical Temple.
  7494 | Temple   | Entered the Ecumenical Temple
  7679 | Temple   | Became a worshipper of Warmaster Okawaru
  7824 | D:7      | Found Kixeoxumm's Distillery.
  7858 | D:7      | Found Keotol's Magic Scroll Boutique.
  7864 | D:7      | Bought 2 scrolls of magic mapping for 98 gold pieces
  7864 | D:7      | Bought a scroll of identify for 28 gold pieces
  7864 | D:7      | Bought a scroll of identify for 28 gold pieces
  7972 | D:7      | Found Rameifum's Island Escapes.
  8725 | D:8      | Noticed a centaur warrior
  8727 | D:8      | Noticed Psyche
  8737 | D:8      | Slain by a centaur warrior

Illustrated notes

Levels and vault maps discovered:
D:1:      sevenhm_arrival_forest_fort_small_3, layout_loops_corners
D:2:      layout_basic, minmay_mini_jars
D:3:      layout_basic, ebering_ecumenical_altar_box, serial_shops,
          nicolae_shop_waterfront, gup_sewer_entry_bowl, moated_statue,
          st_stairs_8, uniq_terence
D:4:      layout_cave_pools, uniq_menkaure
D:5:      layout_basic, uniq_sigmund, uniq_duvessa
D:6:      nicolae_cairo_tiling_large_dashed, layout_cave_pools, minivault_27,
          guppyfry_shop_venom, uniq_grinder
D:7:      layout_cave_pools, minmay_temple_entry_tees, serial_shops,
          kennysheep_little_box, shop_fountains, nicolae_take_the_stairs,
          nicolae_island_escapes, uniq_pikel
D:8:      layout_rooms, lemuel_doored_altar, amcnicky_mini_pool_small,
          chequers_big_river, minmay_fractal_squares_5, uniq_psyche
Temple:   dpeg_five_rooms_temple

Skill      XL: |  1  2  3  4  5  6  7  8  9 |
---------------+----------------------------+-----
Armour         | 4 5 6 7 8 |  8.9
Fighting       | 4 5 6 7 |  7.1
Shields        | 4 5 6 8 |  8.1
Long Blades    | 3 4 5 7 9 10 | 10.6
Dodging        | 1 2 |  2.0
Stealth        | 1 |  1.4
Evocations     | |  0.6

Action                   |  1- 3 |  4- 6 |  7- 9 || total
-------------------------+-------+-------+-------++-------
Melee: Long sword        |    94 |   198 |   268 ||   560
       Headbutt          |    15 |    27 |    66 ||   108
Evoke: Wand              |       |       |     7 ||     7
  Use: Scroll            |       |     3 |     6 ||     9
       Potion            |       |       |     1 ||     1
 Stab: Paralysed         |       |       |     2 ||     2
Armor: Scale mail        |    38 |    51 |       ||    89
       Plate armour      |       |    53 |   102 ||   155
Dodge: Dodged            |    46 |    79 |    55 ||   180
Block: Buckler           |    26 |   130 |   124 ||   280
       Reflection        |       |     4 |     2 ||     6
